 Dungeon Crawl Stone Soup version 0.26-a0-708-g17f3b190f9 (webtiles) character file.

Game seed: 10361954175972673696

328994 RaHiT the Fighter (level 20, -8/186 (190) HPs)
             Began as a Demonspawn Chaos Knight on Oct 29, 2020.
             Was a Favourite Plaything of Xom.
             Mangled by a stone giant (25 damage)
             ... while paralysed by a sphinx
             ... on level 4 of the Vaults.
             The game lasted 04:16:14 (46133 turns).

RaHiT the Fighter (Demonspawn Chaos Knight)        Turns: 46133, Time: 04:16:15

HP:   -8/186 (190)  AC: 21    Str: 25    XL:     20   Next: 81%
MP:   0/38          EV:  2    Int: 18    God:    Xom [...*..]
Gold: 3089          SH:  0    Dex: 17    Spells: 30/47 levels left

rFire    . . .     SeeInvis +     - Unarmed
rCold    . . .     Faith    .   w - +0 tower shield
rNeg     . . .     Spirit   +   n - +3 ring mail {rPois}
rPois    +         Reflect  .   J - +2 helmet {SInv}
rElec    +         Harm     .   V - scarf {repulsion}
rCorr    .         Rampage  .   Y - +2 pair of gloves
MR       +....     Clarity  +   (boots unavailable)
Stlth    +.........             s - amulet of guardian spirit
HPRegen  1.61/turn              g - +4 ring of evasion
MPRegen  0.26/turn              G - +6 ring of strength

@: paralysed, wereblooded, repel missiles
A: fangs 1, hooves 3, thin metallic scales 3, camouflage 1, agile 1, blink,
clarity, clever 2, deterioration 1, powered by pain 3, regeneration 3, robust 2,
electricity resistance, spiny 2, evolution 1
}: 2/15 runes: decaying, serpentine
a: Blink, Renounce Religion


You were on level 4 of the Vaults.
You worshipped Xom.
You were a favourite toy of Xom.
You visited 7 branches of the dungeon, and saw 36 of its levels.
You visited the Abyss 2 times.
You also visited: Volcano.

You collected 5950 gold pieces.
You spent 2861 gold pieces at shops.

Inventory:

Missiles
 b - 770 bolts
 c - 31 boomerangs (quivered)
 m - 5 silver javelins
 r - 23 curare-tipped darts
 y - 7 javelins
 Q - 2 datura-tipped darts
Armour
 n - a +3 ring mail of poison resistance (worn)
 w - a +0 tower shield (worn)
 J - a +2 helmet of see invisible (worn)
 V - a scarf of repulsion (worn)
 Y - a +2 pair of gloves (worn)
Jewellery
 g - a +4 ring of evasion (left hand)
 s - an amulet of guardian spirit (around neck)
 u - an uncursed ring of protection from magic
 G - a +6 ring of strength (right hand)
 I - an uncursed ring of ice
Wands
 f - a wand of acid (1)
 l - a wand of disintegration (37)
 p - a wand of iceblast (32)
 v - a wand of random effects (21)
 x - a wand of flame (81)
 E - a wand of digging (10)
 L - a wand of polymorph (30)
 Z - a wand of paralysis (14)
Scrolls
 e - a scroll of amnesia
 h - 6 scrolls of identify
 i - 4 scrolls of immolation
 j - 12 scrolls of teleportation
 o - 6 scrolls of enchant armour
 t - 4 scrolls of magic mapping
 D - 4 scrolls of fog
 F - 13 scrolls of remove curse
 M - 4 scrolls of vulnerability
 N - a scroll of summoning
 R - 3 scrolls of blinking
 S - 4 scrolls of silence
 U - 4 scrolls of fear
Potions
 a - a potion of cancellation
 k - 3 potions of brilliance
 q - a potion of resistance {unknown}
 z - a potion of magic
 A - 4 potions of curing
 B - 9 potions of lignification
 C - 4 potions of might
 H - 8 potions of haste
 K - 9 potions of mutation
 P - 7 potions of heal wounds
 X - 2 potions of invisibility
Miscellaneous
 d - a tin of tremorstones (3/3)
 T - a condenser vane (2/2)
 W - a box of beasts (3/3)


   Skills:
 - Level 14.0 Fighting
 - Level 10.1 Throwing
 - Level 10.3 Armour
 - Level 10.3 Dodging
 - Level 9.0 Shields
 - Level 13.1 Unarmed Combat
 - Level 14.0 Spellcasting
 - Level 6.0 Hexes
 - Level 14.0 Transmutations
 + Level 9.1 Earth Magic
 - Level 11.0 Evocations


You had 30 spell levels left.
You knew the following spells:

 Your Spells              Type           Power        Failure   Level
a - Wereblood             Tmut           ######..     1%          2
b - Beastly Appendage     Tmut           ######       1%          1
c - Confusing Touch       Hex            ####....     14%         3
d - Blade Hands           Tmut           ######....   4%          5
e - Statue Form           Tmut/Erth      ######...    61%         6

Your spell library contained the following spells:

 Spells                   Type           Power        Failure   Level
 Corona                   Hex            ####...      4%          1
 Slow                     Hex            ####....     8%          2
 Spider Form              Tmut/Pois      #####.....   10%         3
 Tukima's Dance           Hex            ####....     14%         3
 Ensorcelled Hibernation  Hex/Ice        ###...       26%         2
 Leda's Liquefaction      Hex/Erth       #####.....   26%         4
 Ice Form                 Ice/Tmut       #####...     32%         4
 Cause Fear               Hex            ####......   43%         4
 Dazzling Flash           Conj/Hex       ###...       45%         3
 Inner Flame              Hex/Fire       ###.....     45%         3
 Portal Projectile        Hex/Tloc       ###...       45%         3
 Summon Guardian Golem    Hex/Summ       ###.....     45%         3
 Foxfire                  Conj/Fire      ##..         50%         1
 Shock                    Conj/Air       ##..         50%         1
 Summon Small Mammal      Summ           ##..         50%         1
 Call Imp                 Summ           ##......     65%         2
 Poisonous Vapours        Pois/Air       ##....       65%         2
 Call Canine Familiar     Summ           ##......     86%         3
 Conjure Flame            Conj/Fire      ##......     86%         3
 Mephitic Cloud           Conj/Pois/Air  ##......     86%         3
 Fulminant Prism          Conj/Hex       ###.......   86%         4
 Hailstorm                Conj/Ice       ##......     99%         4
 Summon Ice Beast         Ice/Summ       ##......     99%         4
 Summon Lightning Spire   Summ/Air       ##......     99%         4
 Bolt of Magma            Conj/Fire/Erth ###.......   99%         5
 Silence                  Hex/Air        ###.......   99%         5
 Conjure Ball Lightning   Conj/Air       ##........   100%        6
 Freezing Cloud           Conj/Ice/Air   ##........   100%        6
 Iron Shot                Conj/Erth      ####......   100%        6
 Malign Gateway           Summ/Tloc      ##........   100%        7
 Shatter                  Erth           #####.....   100%        9
 Tornado                  Air            ##........   100%        9


Dungeon Overview and Level Annotations

Branches:
Dungeon (15/15)            Temple (1/1) D:7            Lair (6/6) D:8
  Swamp (4/4) Lair:2        Snake (4/4) Lair:2        Slime (0/5) Lair:6
    Orc (2/2) D:12            Elf (0/3) Orc:2        Vaults (4/5) D:14
  Crypt (0/3) Vaults:2     Depths (0/5) D:15        Volcano (visited)

Altars:
Ashenzari
Cheibriados
Fedhas
Gozag
Makhleb
Nemelex Xobeh
Okawaru
Qazlal
Trog
Uskayaw
Vehumet
Wu Jian
Xom
Yredelemnul
Zin
The Shining One
Beogh
Jiyva

Shops:
Orc:2 !****   Snake:4 [(


Innate Abilities, Weirdness & Mutations

You have hooves in place of feet.
You are completely covered in thin metallic scales. (AC +4, rElec)
You are powered by pain.
You are mostly covered in sharp spines.
You have very sharp teeth.
Your skin changes colour to match your surroundings (Stealth+).
You are agile. (Dex +2)
You can translocate small distances at will.
You possess an exceptional clarity of mind.
Your mind is very acute. (Int +4)
Your body sometimes deteriorates upon taking damage.
You regenerate.
You are very robust. (+20% HP)
You are resistant to electric shocks. (rElec)
You evolve.


Message History

The sphinx hits you!
* * * LOW HITPOINT WARNING * * *
The sphinx hits you.
* * * LOW HITPOINT WARNING * * *
The sphinx hits you but does no damage.
The vault sentinel blows a loud note on a signal horn!
The stone giant hits you.
* * * LOW HITPOINT WARNING * * *
The deep troll bites you!!
* * * LOW HITPOINT WARNING * * *
The deep troll claws you but does no damage. x2
The vault guard is struck by your spines.
The vault guard hits you with a +0 war axe.
* * * LOW HITPOINT WARNING * * *
The death knight hits you but does no damage.
The sphinx hits you.
* * * LOW HITPOINT WARNING * * *
The sphinx hits you but does no damage. x2; The stone giant hits you!!
You die...
Xom howls with laughter!

#.....# #.....# #.....# #.....#
#.....# #.....# #.....#
################p....#
..............pT@.^..#
..............pCH....############
...............op....#..#..#..#..
.[.....).............)).#..'..'..
.....................#..'..#..#..
##'#############'#####..#..#..#..
#......# #....).# #.)#..#..#..
#......# #......# #).#..#..#..
#......# #......# #..#..#..#..


You could see a sphinx, a stone giant (strong), a death knight, a vault guard, a
deep troll, a vault sentinel (catching breath), an ironbrand convoker and an orc
warrior.

Vanquished Creatures
  Frederick (Vaults:2)
  the Lernaean hydra (Swamp:4)
  Bai Suzhen (Vaults:3)
  Vashnia (Snake:3)
  Nikola (Snake:2)
  A bone dragon (Abyss:2)
  Rupert (D:13)
  Jorgrun (D:13)
  Frances (D:13)
  The ghost of Tman the Tortoise, an adept DDFi of Uskayaw (Snake:1)
  The ghost of fly the Blocker, an adept TrDe of Qazlal (Swamp:4)
  2 thorn hunters
  A sphinx (Vaults:3)
  3 tengu reavers
  Kirke (D:14)
  9 nagarajas
  Roxanne (Snake:4)
  2 frost giants
  2 deep elf sorcerers
  Aizul (Snake:2)
  5 vault wardens
  6 ironheart preservers
  5 stone giants
  A ghoul (Vaults:2)
  An entropy weaver (Vaults:3)
  Nessos (Orc:2)
  Snorg (D:13)
  An ettin (Vaults:4)
  8 yaktaur captains
  3 fire dragons
  A great orb of eyes (Vaults:1)
  Erolcha (D:13)
  5 rakshasas
  2 ice dragons
  3 vault guards
  26 hydras
  5 anacondas
  2 ghost crabs
  A catoblepas (Lair:4)
  13 naga warriors
  6 boulder beetles
  A shambling mangrove (Swamp:2)
  13 ogre magi
  5 centaur warriors
  39 two-headed ogres
  3 death yaks
  An orc high priest (Orc:2)
  5 death knights
  12 alligators
  6 shock serpents
  2 thrashing horrors (Abyss:2)
  15 naga sharpshooters
  A tengu warrior (D:15)
  4 deep elf knights
  A vampire mage (Vaults:2)
  Sonja (D:13)
  The ghost of PirateVox the Chopper, a novice HOFi of Beogh (D:6)
  5 salamander mystics
  A death drake (Abyss:2)
  6 skeletal warriors (Vaults:1)
  A spectral hydra (Swamp:4)
  3 spriggan druids (Swamp:4)
  3 deep trolls
  12 swamp dragons (Swamp:4)
  A lindwurm (Lair:5)
  3 unseen horrors
  An obsidian statue (D:10)
  A phantasmal warrior (Vaults:2)
  7 sea snakes
  7 deep elf archers
  An unseen horror (shapeshifter) (Vaults:2)
  8 orc knights
  2 wizards
  10 deep elf magi
  9 naga ritualists
  2 necromancers (Vaults:4)
  12 mana vipers
  6 harpies
  12 ironbrand convokers
  The ghost of Zing the Insei, a novice GnTm of Ashenzari (D:7)
  A manticore (shapeshifter) (Vaults:3)
  3 wolf spiders
  A stone giant zombie (Vaults:4)
  12 ugly things
  13 cyclopes
  15 salamanders
  2 orc sorcerers
  A spectral alligator (Swamp:4)
  A wolf spider (shapeshifter) (D:15)
  3 manticores
  The ghost of qipq the Conjurer, a novice OpCj of Gozag (D:6)
  A moth of wrath (Lair:6)
  3 guardian serpents
  A worldbinder (Abyss:2)
  11 elephants
  A smoke demon (Abyss:2)
  3 molten gargoyles (Lair:6)
  A black mamba (shapeshifter) (D:15)
  12 vault sentinels
  30 black mambas
  A rust devil (Abyss:2)
  An eye of devastation (shapeshifter) (Vaults:2)
  20 naga magi
  14 cane toads
  Maggie (D:7)
  A gargoyle (D:13)
  A kobold demonologist (D:15)
  A yaktaur (shapeshifter) (Snake:4)
  20 yaktaurs
  3 rime drakes
  11 komodo dragons
  A komodo dragon (shapeshifter) (Vaults:1)
  An efreet (Abyss:2)
  2 freezing wraiths
  3 tengu conjurers (D:15)
  9 hornets
  16 trolls
  A wind drake (shapeshifter) (Vaults:2)
  2 polar bears
  10 tyrant leeches
  A wind drake (Volcano)
  A troll (shapeshifter) (Vaults:3)
  Prince Ribbit (D:7)
  3 meliai (D:15)
  7 bog bodies
  9 blink frogs
  A harpy skeleton (D:15)
  58 slime creatures
  An ettin zombie (Vaults:4)
  9 raiju (Abyss:2)
  A dream sheep (shapeshifter) (Vaults:1)
  6 dream sheep
  2 large abominations (Abyss:2)
  6 spriggans
  6 wraiths
  A vampire (D:15)
  A redback (Vaults:3)
  6 shadows
  Sigmund (D:2)
  28 yaks
  A yak (shapeshifter) (Vaults:1)
  8 fire bats
  9 wyverns
  7 basilisks
  A steam dragon (Lair:6)
  2 chaos spawn (Abyss:2)
  25 vampire mosquitoes
  3 spectral cane toads (Swamp:4)
  Menkaure (D:5)
  13 insubstantial wisps
  2 soldier ants (shapeshifter)
  7 wargs
  An acid dragon (Vaults:1)
  57 nagas
  13 water moccasins
  16 swamp worms
  3 hell hounds (Lair:6)
  Duvessa (D:7)
  A hydra simulacrum (Swamp:4)
  An alligator simulacrum (Swamp:4)
  4 black bears
  2 black bears (shapeshifter) (Vaults:4)
  29 orc warriors
  2 sky beasts (D:10)
  3 necrophages
  4 eyes of draining
  5 ice beasts
  13 swamp drakes
  A phantom (D:12)
  12 boggarts
  An ice dragon simulacrum (Vaults:1)
  48 ogres
  22 centaurs
  12 wolves
  2 small abominations (Abyss:2)
  A tyrant leech simulacrum (Swamp:4)
  An ogre simulacrum (Vaults:1)
  A wyvern zombie (D:13)
  A cane toad simulacrum (Swamp:4)
  A deep troll simulacrum (Vaults:4)
  24 bullfrogs
  Dowan (D:7)
  6 scorpions
  A wyvern skeleton (D:14)
  2 water moccasin skeletons
  16 killer bees
  19 wights
  3 electric eels
  2 howler monkeys (D:10)
  A crimson imp (D:4)
  A bullfrog zombie (D:12)
  11 lava snakes
  2 centaur zombies
  5 hounds
  4 jellies
  26 orc wizards
  4 centaur skeletons
  19 orc priests
  Ijyb (D:3)
  2 bullfrog skeletons
  8 iguanas
  10 worker ants
  A hound zombie (D:6)
  2 hound skeletons
  A mummy (D:10)
  2 worker ant zombies
  7 adders
  8 gnolls
  3 shadow imps
  A white imp (D:7)
  2 ufetubi
  An ooze (D:2)
  A swamp drake simulacrum (Swamp:4)
  2 adder skeletons (D:4)
  3 worms
  A dart slug (D:4)
  4 leopard geckos
  98 orcs
  5 giant cockroaches
  7 goblins
  4 hobgoblins
  9 jackals
  8 kobolds
  2 quokkas (D:4)
  A ball python (D:2)
  4 bats (D:1)
  6 frilled lizards
  A goblin zombie (D:4)
  A hobgoblin zombie (D:4)
  2 kobold skeletons (D:4)
  2 orc skeletons (D:4)
  2 orc zombies (D:4)
  5 rats
1439 creatures vanquished.

Vanquished Creatures (collateral kills)
  Sojobo (Vaults:2)
  A ghoul (Vaults:1)
  A vault warden (Vaults:3)
  A red draconian (Volcano)
  A yaktaur captain (Vaults:1)
  A hydra (Swamp:4)
  A naga warrior (Snake:1)
  2 two-headed ogres
  A catoblepas (Lair:6)
  2 naga sharpshooters
  3 sea snakes (Snake:1)
  A deep elf archer (Vaults:2)
  5 ironbrand convokers
  An ugly thing (D:12)
  A mana viper (Snake:3)
  A vault sentinel (Vaults:3)
  A black mamba (Lair:6)
  3 elephants
  2 cane toads
  3 yaktaurs (Vaults:3)
  A troll (D:14)
  5 dream sheep (Lair:4)
  A blink frog (Swamp:4)
  A slime creature (Vaults:1)
  A yak (Lair:4)
  A wraith (Vaults:1)
  A basilisk (Lair:6)
  An insubstantial wisp (Swamp:4)
  A water moccasin (Lair:4)
  A hell hound (Lair:6)
  A sky beast (D:12)
  A swamp drake (Swamp:4)
  An ice beast (D:14)
  3 wights
  An orc priest (Temple)
  3 orcs (D:12)
57 creatures vanquished.

Vanquished Creatures (others)
  A great orb of eyes (Vaults:4)
  A ghost crab (Swamp:4)
  2 two-headed ogres (D:14)
  An ogre mage (Vaults:2)
  2 dancing weapons
  A spriggan druid (Swamp:4)
  3 wizards
  A swamp dragon (Swamp:4)
  A black mamba (Snake:4)
  A naga mage (Snake:4)
  A yaktaur (Vaults:2)
  A hornet (Swamp:4)
  A slime creature (Vaults:1)
  2 spriggans (Swamp:4)
  A naga (Snake:2)
  A swamp worm (Swamp:4)
  A swamp drake (Swamp:4)
  A bullfrog (Lair:3)
  A small abomination (Abyss:2)
  An orc (Orc:2)
  A bush (Lair:4)
  22 fungi
  102 plants
  2 starspawn tentacles (Abyss:2)
  A withered plant (D:10)
153 creatures vanquished.

Grand Total: 1649 creatures vanquished

Notes
Turn   | Place    | Note
-------+----------+-------------------------------------------
     0 | D:1      | RaHiT the Demonspawn Chaos Knight began the quest for the
                  | Orb.
     0 | D:1      | Reached XP level 1. HP: 18/18 MP: 1/1
    35 | D:1      | XOM: silly message
    89 | D:1      | XOM: silly message
   177 | D:1      | Reached skill level 1 in Dodging
   201 | D:1      | XOM: noise
   286 | D:1      | Gained mutation: You are partially covered in sharp spines.
                  | [demonic ancestry]
   286 | D:1      | Reached XP level 2. HP: 22/24 MP: 2/2
  1154 | D:1      | XOM: summons 2 hostile demons
  1155 | D:1      | Noticed an orange demon
  1359 | D:2      | Gained mutation: You sometimes gain a little power by
                  | taking damage. [demonic ancestry]
  1359 | D:2      | Reached XP level 3. HP: 29/29 MP: 3/3
  1381 | D:2      | Noticed Sigmund
  1428 | D:1      | XOM: give mutations
  1428 | D:1      | Gained mutation: Armour fits poorly on your strangely
                  | shaped body. [Xom's mischief]
  1428 | D:1      | Gained mutation: You are weak. (Str -2) [Xom's mischief]
  1428 | D:1      | Gained mutation: You are dopey. (Int -2) [Xom's mischief]
  1567 | D:2      | Found a stormy altar of Qazlal.
  1679 | D:2      | Found a burning altar of Makhleb.
  1743 | D:2      | XOM: summons 3 hostile shadow creatures
  1822 | D:2      | XOM: 8-stop teleportation journey
  1863 | D:2      | XOM: silly message
  1883 | D:2      | Killed Sigmund
  1883 | D:2      | Reached skill level 1 in Throwing
  1883 | D:2      | Reached skill level 1 in Spellcasting
  1883 | D:2      | Gained mutation: You have large cloven feet. [demonic
                  | ancestry]
  1883 | D:2      | Reached XP level 4. HP: 12/37 MP: 3/5
  1883 | D:2      | Reached XP level 5. HP: 13/42 MP: 3/6
  1906 | D:2      | XOM: silly message
  1976 | D:2      | XOM: silly message
  2812 | D:3      | XOM: noise
  2979 | D:3      | XOM: silly message
  3079 | D:3      | Found an iron altar of Okawaru.
  3110 | D:3      | XOM is BORED!
  3110 | D:3      | XOM: noise
  3236 | D:3      | Reached XP level 6. HP: 40/49 MP: 8/8
  3363 | D:3      | XOM: silly message
  3479 | D:3      | XOM: divination: detect creatures
  3585 | D:3      | XOM: give mutation
  3585 | D:3      | Gained mutation: You evolve. [Xom's grace]
  3625 | D:3      | Noticed Ijyb
  3628 | D:3      | XOM: confuse monster(s)
  3645 | D:3      | Killed Ijyb
  3798 | D:4      | You fall into a shaft and drop 3 floors!
  3798 | D:7      | Found a staircase to the Ecumenical Temple.
  3803 | Temple   | Entered the Ecumenical Temple
  3810 | Temple   | Gained mutation: You are robust. (+10% HP) [evolution]
  4052 | Temple   | XOM: summons friendly orange demon
  4111 | D:7      | XOM: cloud trail
  4207 | D:7      | Found a glowing silver altar of Zin.
  4696 | D:7      | XOM: confuse monster(s)
  4716 | D:7      | Gained mutation: You are partially covered in thin metallic
                  | scales. (AC +2) [demonic ancestry]
  4716 | D:7      | Reached XP level 7. HP: 30/60 MP: 9/9
  4827 | D:7      | Gained mutation: Your spells are a little harder to cast,
                  | but a little more powerful. [evolution]
  4827 | D:7      | Lost mutation: You evolve. [end of evolution]
  4853 | D:7      | XOM: destruction
  4856 | D:7      | XOM: god gift: 50 gold pieces
  4857 | D:7      | XOM: smoke on damage
  4866 | D:7      | Reached skill level 1 in Evocations
  4955 | D:7      | Reached skill level 5 in Fighting
  4977 | D:7      | XOM: divination: detect creatures
  5115 | D:7      | Noticed Prince Ribbit
  5124 | D:7      | XOM: summons friendly iron imp
  5142 | D:7      | Killed Prince Ribbit
  5327 | D:6      | XOM: polymorph bullfrog -> iguana
  5415 | D:5      | Entered Level 5 of the Dungeon
  5426 | D:5      | Noticed Menkaure
  5464 | D:4      | XOM: summons 4 hostile demons
  5561 | D:4      | XOM: divination: magic mapping
  5672 | D:4      | XOM: god gift: 45 gold pieces
  5729 | D:4      | Found a glowing golden altar of the Shining One.
  5778 | D:4      | Gained mutation: You have hoof-like feet. [demonic
                  | ancestry]
  5778 | D:4      | Reached XP level 8. HP: 66/69 MP: 11/11
  5795 | D:4      | You fall into a shaft and drop 2 floors!
  5858 | D:5      | Killed Menkaure
  5858 | D:5      | Reached skill level 5 in Unarmed Combat
  6134 | D:4      | XOM: silly message
  6263 | D:4      | XOM: scenery: create altars
  6316 | D:4      | XOM: snakes to sticks
  6476 | D:4      | XOM: draining
  6535 | D:4      | XOM: confuse monster(s)
  6621 | D:5      | XOM: 1-stop teleportation journey
  6841 | D:5      | XOM: give mutations
  6841 | D:5      | Lost mutation: You are dopey. (Int -2) [Xom's grace]
  6841 | D:5      | Gained mutation: You have supernaturally acute eyesight.
                  | (SInv) [Xom's grace]
  6841 | D:5      | Gained mutation: You have hooves in place of feet. [Xom's
                  | grace]
  6841 | D:5      | Gained mutation: You are very robust. (+20% HP) [Xom's
                  | grace]
  6945 | D:5      | Found a basalt altar of Yredelemnul.
  7029 | D:5      | XOM: noise
  7033 | D:5      | XOM: summons 3 friendly demons
  7267 | D:5      | XOM: cleaving
  7274 | D:5      | XOM: stat loss: -1 Int (12/13)
  7338 | D:5      | XOM: stat loss: -1 Str (12/13)
  7550 | D:5      | Reached XP level 9. HP: 62/85 MP: 9/13
  7654 | D:6      | XOM: chaos upgrade
  7656 | D:6      | Found a runed translucent gate.
  7656 | D:6      | Found a runed translucent gate.
  7656 | D:6      | Found a runed translucent gate.
  7658 | D:6      | Noticed PirateVox's ghost (novice HOFi)
  7658 | D:6      | Noticed qipq's ghost (novice OpCj)
  7658 | D:6      | Noticed Zing's ghost (novice GnTm)
  7774 | D:6      | Found Eczoos Xep's Jewellery Boutique.
  8093 | D:6      | XOM: stat loss: -1 Int (12/13)
  8096 | D:6      | XOM: cast spell 'Leda's Liquefaction'
  8098 | D:6      | XOM: give mutations
  8098 | D:6      | Gained mutation: You occasionally shout uncontrollably at
                  | your foes. [Xom's mischief]
  8098 | D:6      | Gained mutation: Your body sometimes deteriorates upon
                  | taking damage. [Xom's mischief]
  8098 | D:6      | Lost mutation: You occasionally shout uncontrollably at
                  | your foes. [Xom's mischief]
  8098 | D:6      | Lost mutation: Your body sometimes deteriorates upon taking
                  | damage. [Xom's mischief]
  8099 | D:6      | XOM: confusion
  8101 | D:6      | XOM: blink monster(s)
  8112 | D:6      | Killed qipq's ghost
  8164 | D:6      | XOM: noise
  8299 | D:7      | Noticed Maggie
  8306 | D:7      | XOM: 3-stop teleportation journey
  8420 | D:7      | Got a shimmering mace
  8495 | D:7      | XOM: summons 5 hostile demons
  8699 | D:6      | XOM: noise
  8702 | D:6      | XOM: summons 2 hostile shadow creatures
  8703 | D:6      | XOM: swap monsters
  8706 | D:6      | XOM: divination: magic mapping
  8729 | D:7      | Killed Zing's ghost
  8773 | D:7      | XOM: silly message
  9083 | D:7      | Noticed Duvessa
  9083 | D:7      | Noticed Dowan
  9121 | D:7      | Killed Duvessa
  9122 | D:7      | Killed Dowan
  9176 | D:7      | Killed Maggie
  9368 | D:6      | Killed PirateVox's ghost
  9368 | D:6      | Reached XP level 10. HP: 87/96 MP: 12/16
  9420 | D:8      | Found a staircase to the Lair.
  9424 | D:8      | XOM: swap monsters
  9431 | D:8      | XOM: silly message
  9443 | D:8      | XOM: silly message
  9469 | D:8      | Learned a level 2 spell: Wereblood
  9729 | D:8      | XOM: divination: magic mapping
  9788 | D:8      | Found a blossoming altar of Fedhas.
  9864 | D:8      | XOM: silly message
 10024 | D:8      | Found a sparkling altar of Nemelex Xobeh.
 10024 | D:8      | Noticed an ogre mage
 10025 | D:8      | Found a transporter.
 10025 | D:8      | Noticed a cyclops
 10108 | D:8      | Found a broken altar of Ashenzari.
 10109 | D:8      | Found a transporter.
 10277 | D:8      | Reached skill level 5 in Armour
 10450 | D:9      | XOM: potion effect (might)
 10583 | D:9      | XOM: give mutation
 10583 | D:9      | Lost mutation: You have supernaturally acute eyesight.
                  | (SInv) [Xom's mischief]
 10667 | D:9      | XOM is BORED!
 10667 | D:9      | XOM: 1-stop teleportation journey
 10668 | D:9      | Noticed Maurice
 10669 | D:9      | Noticed Maurice
 10669 | D:9      | Maurice changed into Maurice the naga
 10669 | D:9      | XOM: polymorph Maurice -> Maurice the naga
 10670 | D:9      | XOM: summons 4 hostile demons
 10677 | D:9      | Killed Maurice the naga
 10871 | D:9      | Reached skill level 1 in Transmutations
 10979 | D:9      | XOM: 1-stop teleportation journey
 11062 | D:9      | XOM: silly message
 11503 | D:9      | Reached skill level 5 in Dodging
 11504 | D:9      | Found a roughly hewn altar of Beogh.
 11623 | D:9      | XOM: give mutations
 11623 | D:9      | Lost mutation: You have hooves in place of feet. [Xom's
                  | mischief]
 11623 | D:9      | Lost mutation: Your spells are a little harder to cast, but
                  | a little more powerful. [Xom's mischief]
 11623 | D:9      | Lost mutation: You are weak. (Str -2) [Xom's mischief]
 11764 | D:10     | Entered Level 10 of the Dungeon
 11764 | D:10     | XOM: god gift: battleaxe {god gift}
 11951 | D:10     | XOM: summons 1 hostile demon
 12073 | D:10     | Found an iron altar of Okawaru.
 12074 | D:10     | XOM: swap monsters
 12079 | D:10     | Reached skill level 1 in Shields
 12092 | D:10     | Reached skill level 5 in Throwing
 12179 | D:10     | XOM: noise
 12432 | D:10     | Gained mutation: You are mostly covered in thin metallic
                  | scales. (AC +3) [demonic ancestry]
 12432 | D:10     | Reached XP level 11. HP: 104/104 MP: 18/18
 12436 | D:10     | Noticed an obsidian statue
 12437 | D:10     | Got a crude ring mail
 12521 | D:10     | Noticed a two-headed ogre
 12535 | D:10     | Killed a two-headed ogre
 12535 | D:10     | Reached skill level 5 in Spellcasting
 12535 | D:10     | Reached skill level 5 in Evocations
 12706 | D:10     | Noticed a two-headed ogre
 12718 | D:10     | Killed a two-headed ogre
 12757 | D:10     | XOM: 2-stop teleportation journey
 12983 | D:10     | XOM: scenery: create altars
 13026 | D:10     | XOM: summons 6 hostile demons
 13366 | D:11     | XOM: enchant monster (bad)
 13388 | D:11     | XOM: polymorph orc warrior -> ice beast
 13459 | D:11     | Identified the +4 ring mail of the Kettle-Drum {+Fly rF+++
                  | rC- Int-5} (You found it on level 10 of the Dungeon)
 13545 | D:11     | Noticed a cyan ugly thing
 13555 | D:11     | Killed a cyan ugly thing
 13679 | D:11     | XOM: swap monsters
 13680 | D:11     | Noticed a centaur warrior
 13688 | D:11     | Killed a centaur warrior
 13773 | D:11     | XOM: noise
 14053 | D:11     | XOM: give mutation
 14053 | D:11     | Gained mutation: Scrolls take you a little longer to read.
                  | [Xom's mischief]
 14068 | D:11     | XOM: noise
 14197 | D:11     | XOM: give mutations
 14197 | D:11     | Gained mutation: You are weak. (Str -2) [Xom's mischief]
 14197 | D:11     | Lost mutation: Scrolls take you a little longer to read.
                  | [Xom's mischief]
 14321 | D:11     | XOM: draining
 14347 | D:11     | XOM: give mutations
 14347 | D:11     | Gained mutation: You expend magic power (3 MP) to
                  | strengthen your wands. [Xom's grace]
 14347 | D:11     | Gained mutation: Your skin changes colour to match your
                  | surroundings (Stealth+). [Xom's grace]
 14562 | D:11     | XOM is BORED!
 14562 | D:11     | XOM: stat loss: -1 Dex (12/13)
 14633 | D:11     | Noticed a two-headed ogre
 14639 | D:11     | Killed a two-headed ogre
 14987 | D:8      | Killed an ogre mage
 15101 | D:8      | XOM: cleaving
 15172 | Lair:1   | Entered Level 1 of the Lair of Beasts
 15176 | Lair:1   | XOM: confuse monster(s)
 15177 | Lair:1   | XOM: confuse monster(s)
 15189 | Lair:1   | Gained mutation: You have hooves in place of feet. [demonic
                  | ancestry]
 15189 | Lair:1   | Reached XP level 12. HP: 101/115 MP: 20/20
 15218 | Lair:1   | XOM: scenery: summon butterflies
 15254 | Lair:1   | Found a dark tunnel.
 15267 | Volcano  | Entered a volcano
 15405 | Volcano  | XOM: god gift: wand of iceblast (11)
 15515 | Volcano  | XOM: enchant monster (good)
 15523 | Volcano  | XOM: enchant monster (bad)
 15701 | Volcano  | XOM: divination: magic mapping
 15834 | Volcano  | XOM: polymorph salamander -> tarantella
 15835 | Volcano  | Noticed a red draconian
 15866 | Volcano  | XOM: enchant monster (good)
 15890 | Volcano  | Killed a red draconian
 15907 | Volcano  | XOM: smoke on damage
 15908 | Volcano  | Reached skill level 10 in Fighting
 16022 | Volcano  | Found a burning altar of Makhleb.
 16052 | Volcano  | Found a bloodstained altar of Trog.
 16119 | Lair:1   | Identified the cursed +1 mace of Integrity {venom, rElec
                  | Str+7} (You found it on level 7 of the Dungeon)
 16283 | Lair:1   | Noticed a seven-headed hydra
 16291 | Lair:1   | Killed a seven-headed hydra
 16600 | Lair:1   | Identified Tarchuha's Volume of Creative Attacks
 16699 | Lair:1   | XOM: potion effect (stabbing)
 16702 | Lair:1   | XOM: noise
 17154 | Lair:1   | XOM: noise
 17180 | Lair:1   | XOM: cloud trail
 17280 | Lair:1   | XOM: 2-stop teleportation journey
 17281 | Lair:1   | XOM: give mutations
 17281 | Lair:1   | Gained mutation: You have very sharp teeth. [Xom's grace]
 17281 | Lair:1   | Lost mutation: You are weak. (Str -2) [Xom's grace]
 17281 | Lair:1   | Gained mutation: You possess an exceptional clarity of
                  | mind. [Xom's grace]
 17527 | Lair:2   | XOM: potion effect (invisibility)
 17574 | Lair:2   | Noticed an eight-headed hydra
 17583 | Lair:2   | Killed an eight-headed hydra
 17623 | Lair:2   | XOM: fog
 17666 | Lair:2   | XOM: torment (44/117 hp)
 17826 | Lair:2   | XOM: 6-stop teleportation journey
 17827 | Lair:2   | Noticed a death yak
 17834 | Lair:2   | Found a staircase to the Snake Pit.
 17839 | Lair:2   | Noticed a five-headed hydra
 17839 | Lair:2   | XOM: stat loss: -1 Dex (13/14)
 17844 | Lair:2   | XOM: enchant monster (bad)
 17848 | Lair:2   | XOM: noise
 18037 | Lair:2   | Reached XP level 13. HP: 98/124 MP: 20/22
 18119 | Lair:2   | XOM: stat loss: -1 Str (22/23)
 18156 | Lair:2   | Found a staircase to the Swamp.
 18218 | Lair:2   | XOM: polymorph five-headed hydra -> death yak
 18535 | Lair:2   | XOM: give mutation
 18535 | Lair:2   | Gained mutation: You can translocate small distances at
                  | will. [Xom's mischief]
 18582 | Lair:2   | XOM: give mutation
 18582 | Lair:2   | Gained mutation: You are dopey. (Int -2) [Xom's mischief]
 18872 | Lair:2   | XOM: god gift: pair of gloves {god gift}
 18934 | Lair:2   | XOM: summons friendly ufetubus
 19233 | Lair:3   | XOM: give mutations
 19233 | Lair:3   | Gained mutation: You are extremely robust. (+30% HP) [Xom's
                  | grace]
 19233 | Lair:3   | Gained mutation: Your natural rate of healing is unusually
                  | fast. [Xom's grace]
 19233 | Lair:3   | Gained mutation: You are covered in fur. (AC +1) [Xom's
                  | grace]
 19305 | Lair:3   | Reached skill level 10 in Unarmed Combat
 19413 | Lair:3   | XOM: divination: detect creatures
 19431 | Lair:3   | XOM: 1-stop teleportation journey
 19450 | Lair:3   | XOM: cast spell 'Summon Horrible Things'
 19725 | Lair:3   | Found an ornate altar of the Wu Jian Council.
 19909 | Lair:3   | XOM: give mutations
 19909 | Lair:3   | Lost mutation: Your natural rate of healing is unusually
                  | fast. [Xom's mischief]
 19909 | Lair:3   | Gained mutation: You are clumsy. (Dex -2) [Xom's mischief]
 20086 | Lair:4   | XOM: summons 3 friendly demons
 20087 | Lair:4   | XOM: summons 4 friendly demons
 20165 | Lair:4   | XOM: 2-stop teleportation journey
 20166 | Lair:4   | XOM: scenery: create altars
 20170 | Lair:4   | XOM: summons friendly rust devil
 20185 | Lair:4   | XOM: enchant monster (bad)
 20190 | Lair:4   | XOM: swap monsters
 20399 | Lair:4   | XOM: noise
 20405 | Lair:4   | XOM: silly message
 20411 | Lair:4   | XOM: summons friendly ufetubus
 20412 | Lair:4   | XOM: draining
 20629 | Lair:4   | XOM: chaos cloud
 20637 | Lair:4   | Paralysed by you for 3 turns
 20941 | Lair:4   | XOM: give mutations
 20941 | Lair:4   | Lost mutation: You possess an exceptional clarity of mind.
                  | [Xom's mischief]
 20941 | Lair:4   | Lost mutation: You can translocate small distances at will.
                  | [Xom's mischief]
 21258 | Lair:5   | XOM: summons 3 hostile demons
 21267 | Lair:5   | XOM: confusion
 21273 | Lair:5   | XOM: swap monsters
 21274 | Lair:5   | XOM: cast spell 'Leda's Liquefaction'
 21303 | Lair:5   | Found an opulent altar of Gozag.
 21331 | Lair:5   | XOM: confuse monster(s)
 21335 | Lair:5   | XOM: confusion (+ monsters)
 21360 | Lair:5   | Reached skill level 5 in Transmutations
 21368 | Lair:5   | XOM: confusion (+ monsters)
 21374 | Lair:5   | XOM: draining
 21376 | Lair:5   | XOM: stat loss: -1 Str (22/23)
 21431 | Lair:5   | XOM: noise
 21712 | Lair:5   | Reached skill level 5 in Shields
 22062 | Lair:5   | XOM: give mutations
 22062 | Lair:5   | Gained mutation: You have sharp fingernails. [Xom's
                  | mischief]
 22062 | Lair:5   | Gained mutation: You are weak. (Str -2) [Xom's mischief]
 22209 | Lair:5   | XOM: cloud trail
 22422 | Lair:5   | XOM: silly message
 22475 | Lair:6   | Entered Level 6 of the Lair of Beasts
 22486 | Lair:6   | XOM: confuse monster(s)
 22507 | Lair:6   | XOM: enchant monster (bad)
 22517 | Lair:6   | Reached XP level 14. HP: 113/146 MP: 20/24
 22528 | Lair:6   | XOM: destruction
 22785 | Lair:6   | XOM: snakes to sticks
 22794 | Lair:6   | Found a viscous altar of Jiyva.
 22795 | Lair:6   | Found a staircase to the Slime Pits.
 22891 | Lair:6   | XOM: enchant monster (good)
 22977 | Lair:6   | XOM: 2-stop teleportation journey
 22990 | Lair:6   | XOM: divination: detect creatures
 23005 | Lair:6   | XOM: potion effect (heal wounds)
 23125 | Lair:5   | XOM: cloud trail
 23287 | Lair:5   | XOM: confuse monster(s)
 23471 | Lair:6   | XOM: silly message
 23487 | Lair:6   | XOM: divination: detect items
 23536 | Lair:6   | XOM: 3-stop teleportation journey
 23559 | Lair:6   | XOM: destruction
 23635 | Lair:6   | XOM: 1-stop teleportation journey
 23656 | Lair:6   | XOM: fog
 23848 | Lair:6   | XOM: polymorph elephant -> moth of wrath
 23859 | Lair:6   | XOM: enchant monster (good)
 23860 | Lair:6   | XOM: summons friendly orange demon
 23896 | Lair:6   | XOM: smoke on damage
 24108 | Lair:6   | Found a large runed translucent door.
 24108 | Lair:6   | Found a large runed translucent door.
 24119 | Lair:6   | XOM: polymorph eight-headed hydra -> alligator
 24383 | Lair:6   | XOM: scenery: create altars
 24526 | Lair:6   | Learned a level 1 spell: Beastly Appendage
 24610 | Lair:6   | XOM: give mutations
 24610 | Lair:6   | Gained mutation: Your natural rate of healing is unusually
                  | fast. [Xom's grace]
 24610 | Lair:6   | Lost mutation: You are dopey. (Int -2) [Xom's grace]
 24610 | Lair:6   | Gained mutation: Your flesh is heat resistant. (rF+) [Xom's
                  | grace]
 24669 | Lair:6   | XOM: god gift: 37 gold pieces
 24849 | D:12     | XOM: confuse monster(s)
 24880 | D:12     | XOM: confusion (+ monsters)
 24883 | D:12     | XOM: draining
 24946 | D:12     | Found a staircase to the Orcish Mines.
 25066 | D:12     | XOM: summons 2 friendly demons
 25610 | D:12     | XOM is BORED!
 25610 | D:12     | Cast into level 2 of the Abyss (Xom)
 25679 | Abyss:2  | XOM: destruction
 25700 | Abyss:2  | XOM: enchant monster (good)
 25706 | Abyss:2  | XOM: polymorph small abomination -> small abomination
 25708 | Abyss:2  | XOM: give mutations
 25708 | Abyss:2  | Gained mutation: You passively map a small area around you.
                  | [Xom's grace]
 25708 | Abyss:2  | Gained mutation: You have supernaturally acute eyesight.
                  | (SInv) [Xom's grace]
 25708 | Abyss:2  | Gained mutation: You heal very quickly. [Xom's grace]
 25708 | Abyss:2  | Gained mutation: You evolve. [Xom's grace]
 25771 | Abyss:2  | Noticed a tentacled starspawn
 25782 | Abyss:2  | Found a corrupted altar of Lugonu.
 25789 | D:12     | Escaped the Abyss
 25889 | D:12     | XOM: noise
 25909 | D:13     | Noticed Snorg
 25914 | D:13     | XOM: enchant monster (good)
 25917 | D:13     | Killed Snorg
 25962 | D:13     | XOM: summons 5 friendly demons
 25989 | D:13     | Noticed Frances
 25998 | D:13     | XOM: 2-stop teleportation journey
 26008 | D:13     | Noticed Erolcha
 26015 | D:13     | Killed Erolcha
 26043 | D:13     | XOM: divination: detect creatures
 26044 | D:13     | XOM: cleaving
 26045 | D:13     | XOM: swap monsters
 26058 | D:13     | Killed Frances
 26058 | D:13     | XOM: noise
 26110 | D:13     | Noticed Sonja
 26119 | D:13     | Killed Sonja
 26209 | D:13     | Noticed Rupert
 26218 | D:13     | Killed Rupert
 26375 | D:13     | Noticed Jorgrun
 26376 | D:13     | XOM: blink monster(s)
 26386 | D:13     | Killed Jorgrun
 26820 | D:14     | XOM: enchant monster (bad)
 26862 | D:14     | Noticed Kirke
 26865 | D:14     | XOM: summons 10 friendly demons
 26876 | D:14     | Killed Kirke
 26899 | D:14     | XOM: cast spell 'Chain of Chaos'
 26996 | D:14     | XOM: 1-stop teleportation journey
 27020 | D:14     | XOM: potion effect (might)
 27159 | D:14     | Found a gate to the Vaults.
 27161 | D:14     | XOM: 2-stop teleportation journey
 27296 | D:14     | XOM: swap monsters
 27300 | D:14     | Reached XP level 15. HP: 133/157 MP: 24/26
 27488 | D:14     | XOM: summons friendly ufetubus
 27528 | D:14     | XOM: polymorph centaur -> worker ant
 27531 | D:14     | XOM: scenery: 1 doors close
 27612 | D:14     | XOM: 6-stop teleportation journey
 27760 | D:14     | Lost mutation: Armour fits poorly on your strangely shaped
                  | body. [evolution]
 27805 | D:15     | Entered Level 15 of the Dungeon
 27854 | D:15     | Paralysed by an ogre mage for 2 turns
 27929 | D:15     | XOM: polymorph four-headed hydra -> ice dragon
 27940 | D:15     | XOM: 1-stop teleportation journey
 28020 | D:15     | XOM: fog
 28030 | D:15     | XOM: polymorph ogre mage -> sea snake
 28099 | D:14     | XOM: divine lightning
 28120 | D:15     | XOM: polymorph cyclops -> elephant
 28246 | D:15     | XOM: give mutations
 28246 | D:15     | Lost mutation: You evolve. [Xom's grace]
 28246 | D:15     | Gained mutation: You are somewhat resistant to further
                  | mutation. [Xom's grace]
 28246 | D:15     | Lost mutation: You are weak. (Str -2) [Xom's grace]
 28246 | D:15     | Gained mutation: You regenerate. [Xom's grace]
 28246 | D:15     | Gained mutation: Your muscles are strong. (Str +2) [Xom's
                  | grace]
 28300 | D:15     | XOM: summons friendly shadow imp
 28375 | D:15     | Found the +12 glaive of Prune {vorpal}
 28545 | D:15     | XOM: noise
 28646 | D:15     | XOM: confusion
 28650 | D:15     | XOM: blink monster(s)
 28772 | D:15     | XOM: summons 3 hostile shadow creatures
 28809 | D:15     | Got a translucent ring mail
 28820 | D:15     | Identified the +1 ring mail "Cufor" {rN+ MR+ Dex-2 Stlth+}
                  | (You found it on level 15 of the Dungeon)
 28927 | D:15     | XOM: give mutations
 28927 | D:15     | Lost mutation: Your skin changes colour to match your
                  | surroundings (Stealth+). [Xom's mischief]
 28927 | D:15     | Lost mutation: Your muscles are strong. (Str +2) [Xom's
                  | mischief]
 28927 | D:15     | Lost mutation: You expend magic power (3 MP) to strengthen
                  | your wands. [Xom's mischief]
 28935 | D:15     | XOM: silly message
 28977 | D:15     | XOM: summons 3 hostile shadow creatures
 28998 | D:15     | HP: 7/158 [cyan ugly thing[Xom] (13)]
 29033 | D:14     | XOM: give mutations
 29033 | D:14     | Lost mutation: You are clumsy. (Dex -2) [Xom's mischief]
 29033 | D:14     | Lost mutation: You are somewhat resistant to further
                  | mutation. [Xom's mischief]
 29033 | D:14     | Lost mutation: Your flesh is heat resistant. (rF+) [Xom's
                  | mischief]
 29111 | D:15     | XOM: confusion (+ monsters)
 29115 | D:15     | XOM: chaos cloud
 29142 | D:15     | XOM: confusion
 29146 | D:15     | XOM: give mutations
 29146 | D:15     | Lost mutation: You have supernaturally acute eyesight.
                  | (SInv) [Xom's mischief]
 29146 | D:15     | Lost mutation: You passively map a small area around you.
                  | [Xom's mischief]
 29146 | D:15     | Lost mutation: You have sharp fingernails. [Xom's mischief]
 29174 | D:15     | XOM: repel stairs
 29193 | D:15     | XOM: polymorph boggart -> wyvern
 29211 | D:15     | XOM: polymorph boulder beetle -> spark wasp
 29225 | D:15     | Found a staircase to the Depths.
 29232 | D:15     | XOM: silly message
 29440 | Orc:1    | Entered Level 1 of the Orcish Mines
 29623 | Orc:1    | Found a radiant altar of Vehumet.
 29897 | Orc:1    | XOM: swap monsters
 29978 | Orc:1    | XOM: divination: detect items
 30070 | Orc:2    | Entered Level 2 of the Orcish Mines
 30086 | Orc:2    | XOM: divination: detect items
 30089 | Orc:2    | XOM: destruction
 30222 | Orc:2    | Found a roughly hewn altar of Beogh.
 30254 | Orc:2    | Found a staircase to the Elven Halls.
 30254 | Orc:2    | XOM: 4-stop teleportation journey
 30325 | Orc:2    | XOM: scenery: create altars
 30341 | Orc:2    | XOM: confuse monster(s)
 30359 | Orc:2    | XOM: blink monster(s)
 30387 | Orc:2    | XOM: summons 4 friendly demons
 30493 | Orc:2    | Found Zax Xest's Assorted Antiques.
 30498 | Orc:2    | Found Yvevue's Distillery.
 30499 | Orc:2    | Found Ebybb's Assorted Antiques.
 30527 | Orc:2    | Found Supor's General Store.
 30621 | Orc:2    | Noticed Nessos
 30638 | Orc:2    | XOM: god gift: 34 gold pieces
 30642 | Orc:2    | Killed Nessos
 30701 | Orc:2    | Found Nbbubij's Needful Niceties.
 30730 | Orc:2    | Gained mutation: You sometimes gain power by taking damage.
                  | [demonic ancestry]
 30730 | Orc:2    | Reached XP level 16. HP: 162/167 MP: 25/28
 30894 | Orc:2    | XOM: cloud trail
 31067 | Orc:2    | Bought a scroll of identify for 64 gold pieces
 31067 | Orc:2    | Bought a scroll of identify for 64 gold pieces
 31067 | Orc:2    | Bought a scroll labeled JOBBOGOOLEZ for 32 gold pieces
 31072 | Orc:2    | Acquired 875 gold pieces
 31082 | Orc:2    | Bought a potion of heal wounds for 80 gold pieces
 31082 | Orc:2    | Bought a potion of heal wounds for 80 gold pieces
 31088 | Orc:2    | Bought a condenser vane (2/2) for 580 gold pieces
 31088 | Orc:2    | Bought a scroll of blinking for 217 gold pieces
 31088 | Orc:2    | Bought a scroll of acquirement for 1508 gold pieces
 31089 | Orc:2    | Acquired 840 gold pieces
 31325 | Snake:1  | Entered Level 1 of the Snake Pit
 31396 | Lair:2   | Learned a level 3 spell: Confusing Touch
 31447 | Snake:1  | XOM: smoke on damage
 31467 | Snake:1  | XOM: cleaving
 31469 | Snake:1  | XOM: confuse monster(s)
 31471 | Snake:1  | XOM: confuse monster(s)
 31490 | Snake:1  | XOM: scenery: create altars
 31542 | Snake:1  | Reached skill level 1 in Hexes
 31570 | Snake:1  | XOM: summons friendly sixfirhy
 31586 | Snake:1  | Found a bloodstained altar of Trog.
 31680 | Snake:1  | XOM: god gift: glowing plate armour {god gift}
 31780 | Snake:1  | XOM: 3-stop teleportation journey
 31783 | Snake:1  | XOM: confusion
 31787 | Snake:1  | XOM: swap monsters
 31797 | Snake:1  | XOM: silly message
 32328 | Snake:1  | Found a runed translucent door.
 32332 | Snake:1  | Noticed Tman's ghost (adept DDFi)
 32358 | Snake:1  | XOM: snakes to sticks
 32371 | Snake:1  | XOM: cleaving
 32374 | Snake:1  | XOM: fog
 32375 | Snake:1  | XOM: blink monster(s)
 32413 | Snake:1  | Killed Tman's ghost
 32438 | Snake:1  | Got a masterwork quarterstaff
 32444 | Snake:1  | Identified the +9 quarterstaff "Vemessai" {vorpal, +Blink}
                  | (You found it on level 1 of the Snake Pit)
 32467 | Snake:1  | XOM: summons 5 hostile demons
 32567 | Snake:2  | XOM: smoke on damage
 32651 | Snake:2  | XOM: 1-stop teleportation journey
 32689 | Snake:2  | XOM: summons 9 friendly demons
 32731 | Snake:2  | XOM: silly message
 32842 | Snake:2  | XOM: silly message
 32851 | Snake:2  | XOM: scenery: create altars
 32879 | Snake:2  | XOM: 4-stop teleportation journey
 32901 | Snake:2  | XOM: torment (97/169 hp)
 32934 | Snake:2  | XOM: 5-stop teleportation journey
 32935 | Snake:2  | Noticed Aizul
 32952 | Snake:2  | Killed Aizul
 33360 | Snake:2  | XOM: confusion
 33384 | Snake:2  | Noticed Nikola
 33386 | Snake:2  | XOM: swap monsters
 33392 | Snake:2  | XOM: stat loss: -1 Dex (14/15)
 33398 | Snake:2  | Killed Nikola
 33453 | Snake:2  | Learned a level 5 spell: Blade Hands
 33549 | Snake:2  | XOM: summons 1 hostile shadow creature
 33613 | Snake:2  | XOM: torment (98/170 hp)
 33767 | Snake:3  | XOM: blink monster(s)
 33872 | Snake:3  | XOM: 3-stop teleportation journey
 33933 | Snake:3  | XOM: give mutations
 33933 | Snake:3  | Gained mutation: Armour fits poorly on your strangely
                  | shaped body. [Xom's mischief]
 33933 | Snake:3  | Lost mutation: Armour fits poorly on your strangely shaped
                  | body. [Xom's mischief]
 33933 | Snake:3  | Gained mutation: Armour fits poorly on your strangely
                  | shaped body. [Xom's mischief]
 34059 | Snake:3  | XOM: swap monsters
 34065 | Snake:3  | XOM: give mutation
 34065 | Snake:3  | Lost mutation: You are covered in fur. (AC +1) [Xom's
                  | mischief]
 34095 | Snake:3  | XOM: confusion
 34099 | Snake:3  | XOM: divination: detect items
 34109 | Snake:3  | XOM: chaos upgrade
 34151 | Snake:3  | Noticed Vashnia
 34156 | Snake:3  | XOM: divination: detect creatures
 34160 | Snake:3  | XOM: divination: detect items
 34184 | Snake:3  | XOM: snakes to sticks
 34330 | Snake:3  | Killed Vashnia
 34330 | Snake:3  | Reached XP level 17. HP: 124/178 MP: 19/30
 34354 | Snake:3  | XOM: summons 3 friendly demons
 34618 | Snake:3  | XOM: stat loss: -1 Str (23/24)
 34711 | Snake:4  | Entered Level 4 of the Snake Pit
 34723 | Snake:4  | Found Yteseig's Antique Weapon Shoppe.
 34723 | Snake:4  | Found Syatt's Armour Emporium.
 34731 | Snake:4  | Bought a +2 helmet of see invisible for 236 gold pieces
 34876 | Snake:4  | XOM: 4-stop teleportation journey
 34905 | Snake:4  | XOM: divination: detect items
 34949 | Snake:4  | XOM: give mutations
 34949 | Snake:4  | Lost mutation: Armour fits poorly on your strangely shaped
                  | body. [Xom's mischief]
 34949 | Snake:4  | Lost mutation: You are extremely robust. (+30% HP) [Xom's
                  | mischief]
 34949 | Snake:4  | Gained mutation: Your body sometimes deteriorates upon
                  | taking damage. [Xom's mischief]
 34992 | Snake:4  | XOM: confuse monster(s)
 34995 | Snake:4  | XOM: blink monster(s)
 35007 | Snake:4  | XOM: snakes to sticks
 35008 | Snake:4  | Reached skill level 10 in Evocations
 35040 | Snake:4  | XOM: chaos upgrade
 35196 | Snake:4  | XOM: polymorph naga ritualist -> glowing shapeshifter
 35202 | Snake:4  | XOM: noise
 35265 | Snake:4  | XOM: swap monsters
 35371 | Snake:4  | XOM: stat loss: -1 Dex (14/15)
 35433 | Snake:4  | Noticed Roxanne
 35450 | Snake:4  | XOM: swap monsters
 35471 | Snake:4  | Killed Roxanne
 35484 | Snake:4  | Learned a level 6 spell: Statue Form
 35539 | Snake:4  | XOM: cast spell 'Summon Ice Beast'
 35542 | Snake:4  | XOM: enchant monster (good)
 35565 | Snake:4  | XOM: summons 9 friendly demons
 35591 | Snake:4  | XOM: cast spell 'Disjunction'
 35660 | Snake:4  | XOM: enchant monster (good)
 35664 | Snake:4  | XOM: cast spell 'Dispersal'
 35684 | Snake:4  | XOM: scenery: create altars
 35685 | Snake:4  | XOM: enchant monster (good)
 35686 | Snake:4  | XOM: scenery: create altars
 35725 | Snake:4  | XOM: silly message
 35813 | Snake:4  | XOM: silly message
 35821 | Snake:4  | XOM: potion effect (curing)
 35833 | Snake:4  | XOM: cleaving
 35834 | Snake:4  | XOM: enchant monster (good)
 35933 | Snake:4  | XOM: 1-stop teleportation journey
 36008 | Snake:4  | XOM: enchant monster (good)
 36011 | Snake:4  | Reached skill level 10 in Dodging
 36036 | Snake:4  | XOM: 5-stop teleportation journey
 36048 | Snake:4  | XOM: scenery: create altars
 36127 | Snake:4  | XOM: potion effect (curing)
 36151 | Snake:4  | Reached skill level 10 in Armour
 36167 | Snake:4  | XOM: summons 4 friendly demons
 36177 | Snake:4  | Reached skill level 5 in Hexes
 36179 | Snake:4  | XOM: scenery: summon butterflies
 36237 | Snake:4  | XOM: god gift: wand of iceblast (7)
 36245 | Snake:4  | Got a serpentine rune of Zot
 36510 | Swamp:1  | Entered Level 1 of the Swamp
 36512 | Swamp:1  | XOM: give mutations
 36512 | Swamp:1  | Gained mutation: Your mind is acute. (Int +2) [Xom's grace]
 36512 | Swamp:1  | Gained mutation: Your mind is very acute. (Int +4) [Xom's
                  | grace]
 36518 | Swamp:1  | XOM: fake destruction
 36551 | Swamp:1  | XOM: potion effect (haste)
 36554 | Swamp:1  | XOM: confuse monster(s)
 36637 | Swamp:1  | XOM: enchant monster (good)
 37002 | Swamp:1  | XOM: scenery: summon butterflies
 37009 | Swamp:1  | Reached skill level 10 in Spellcasting
 37009 | Swamp:1  | Gained mutation: You are completely covered in thin
                  | metallic scales. (AC +4, rElec) [demonic ancestry]
 37009 | Swamp:1  | Reached XP level 18. HP: 165/174 MP: 28/32
 37452 | Swamp:1  | XOM: god gift: staff of cold {god gift}
 37543 | Swamp:2  | XOM: 10-stop teleportation journey
 37552 | Swamp:2  | XOM: god gift: faintly glowing rapier {god gift}
 37681 | Swamp:2  | XOM: enchant monster (good)
 37885 | Swamp:2  | Reached skill level 10 in Throwing
 37955 | Swamp:2  | XOM: enchant monster (good)
 38124 | Swamp:2  | XOM: fog
 38203 | Swamp:2  | XOM: cloud trail
 38355 | Swamp:3  | XOM: give mutations
 38355 | Swamp:3  | Gained mutation: You can translocate small distances at
                  | will. [Xom's grace]
 38355 | Swamp:3  | Gained mutation: You possess an exceptional clarity of
                  | mind. [Xom's grace]
 38674 | Swamp:3  | XOM: give mutations
 38674 | Swamp:3  | Gained mutation: You are agile. (Dex +2) [Xom's grace]
 38674 | Swamp:3  | Gained mutation: You are resistant to electric shocks.
                  | (rElec) [Xom's grace]
 38674 | Swamp:3  | Gained mutation: Your skin changes colour to match your
                  | surroundings (Stealth+). [Xom's grace]
 38674 | Swamp:3  | Gained mutation: You evolve. [Xom's grace]
 38828 | Swamp:3  | XOM: scenery: 2 doors open
 39011 | Swamp:3  | XOM: cloud trail
 39088 | Swamp:4  | Entered Level 4 of the Swamp
 39088 | Swamp:4  | XOM: polymorph spriggan rider -> swamp worm
 39097 | Swamp:4  | XOM: scenery: create altars
 39100 | Swamp:4  | XOM: scenery: create altars
 39106 | Swamp:4  | XOM: destruction
 39107 | Swamp:4  | XOM: confuse monster(s)
 39111 | Swamp:4  | XOM: fake destruction
 39278 | Swamp:4  | XOM: fog
 39410 | Swamp:4  | Reached skill level 10 in Transmutations
 39414 | Swamp:4  | XOM: scenery: create altars
 39418 | Swamp:4  | XOM: summons friendly iron imp
 39419 | Swamp:4  | XOM: enchant monster (good)
 39468 | Swamp:4  | Found a runed translucent gate.
 39469 | Swamp:4  | Found a runed translucent gate.
 39470 | Swamp:4  | Found a runed translucent gate.
 39471 | Swamp:4  | Noticed fly's ghost (adept TrDe)
 39558 | Swamp:4  | XOM: silly message
 39718 | Swamp:4  | XOM: enchant monster (good)
 39743 | Swamp:4  | XOM: noise
 39802 | Swamp:4  | XOM: noise
 39817 | Swamp:4  | Noticed the 27-headed Lernaean hydra
 39824 | Swamp:4  | XOM: confuse monster(s)
 39824 | Swamp:4  | Killed the 27-headed Lernaean hydra
 39974 | Swamp:4  | Got a decaying rune of Zot
 40240 | Swamp:4  | XOM: enchant monster (bad)
 40246 | Swamp:4  | XOM: swap monsters
 40250 | Swamp:4  | XOM: cast spell 'Leda's Liquefaction'
 40255 | Swamp:4  | XOM: cleaving
 40376 | Swamp:4  | XOM: summons 3 hostile demons
 40416 | Swamp:4  | XOM: summons 15 friendly demons
 40434 | Swamp:4  | Killed fly's ghost
 40545 | Swamp:2  | XOM: cloud trail
 40550 | Swamp:2  | Got a faintly glowing rapier {god gift}
 40551 | Swamp:2  | Identified the +12 rapier "Lorem Ipsum" {chaos, rF+ rN+
                  | Dex-2} (Xom gifted it to you on level 2 of the Swamp)
 40736 | Lair:6   | XOM: noise
 41079 | D:10     | XOM: scenery: 1 doors close
 41167 | D:14     | XOM: polymorph human -> spriggan
 41195 | Vaults:1 | Entered Level 1 of the Vaults
 41210 | Vaults:1 | XOM: 3-stop teleportation journey
 41275 | Vaults:1 | XOM: cleaving
 41277 | Vaults:1 | XOM: 9-stop teleportation journey
 41309 | Vaults:1 | XOM: summons friendly shadow imp
 41320 | Vaults:1 | XOM: polymorph shadow imp -> crimson imp
 41330 | Vaults:1 | XOM: cast spell 'Monstrous Menagerie'
 41334 | Vaults:1 | XOM: noise
 41343 | Vaults:1 | XOM: confuse monster(s)
 41349 | Vaults:1 | Gained mutation: You are powered by pain. [demonic
                  | ancestry]
 41349 | Vaults:1 | Reached XP level 19. HP: 114/182 MP: 15/33
 41592 | Vaults:1 | XOM: 5-stop teleportation journey
 41649 | Vaults:1 | XOM: 8-stop teleportation journey
 41689 | Vaults:1 | XOM: blink monster(s)
 41690 | Vaults:1 | XOM: noise
 41691 | Vaults:1 | XOM: noise
 41818 | Vaults:1 | Gained mutation: You rapidly evolve. [evolution]
 41818 | Vaults:1 | Lost mutation: You rapidly evolve. [decline of evolution]
 41897 | Vaults:1 | XOM: cast spell 'Summon Horrible Things'
 42166 | Vaults:1 | XOM: scenery: 2 doors close
 42284 | Vaults:1 | XOM: scenery: create altars
 42299 | Vaults:1 | XOM: 7-stop teleportation journey
 42599 | Vaults:1 | XOM: cleaving
 42602 | Vaults:1 | XOM: confuse monster(s)
 42657 | Vaults:2 | XOM: cleaving
 42657 | Vaults:2 | Cast into level 2 of the Abyss (a wizard)
 42661 | Abyss:2  | XOM: scenery: 1 doors close
 42714 | Abyss:2  | XOM: noise
 42728 | Abyss:2  | Noticed a bone dragon
 42747 | Abyss:2  | Killed a bone dragon
 42769 | Abyss:2  | XOM: summons friendly crimson imp
 42917 | Abyss:2  | XOM: polymorph kobold demonologist -> black mamba
 42966 | Abyss:2  | Found a corrupted altar of Lugonu.
 43025 | Vaults:2 | Escaped the Abyss
 43163 | Vaults:2 | XOM: blink monster(s)
 43171 | Vaults:2 | XOM: cast spell 'Summon Small Mammal'
 43310 | Vaults:2 | XOM: 2-stop teleportation journey
 43456 | Vaults:2 | XOM: summons 4 friendly demons
 43462 | Vaults:2 | XOM: summons friendly white imp
 43514 | Vaults:2 | XOM: potion effect (stabbing)
 43568 | Vaults:2 | Noticed Sojobo
 43575 | Vaults:2 | XOM: swap monsters
 43667 | Vaults:2 | XOM: potion effect (berserk rage)
 43674 | Vaults:2 | Killed Sojobo
 43684 | Vaults:2 | Found a staircase to the Crypt.
 43735 | Vaults:2 | Noticed Frederick
 43738 | Vaults:2 | XOM: divination: magic mapping
 43745 | Vaults:2 | Killed Frederick
 43850 | Vaults:2 | XOM: god gift: scroll of holy word
 43988 | Vaults:2 | XOM: 5-stop teleportation journey
 44022 | Vaults:2 | XOM: god gift: 46 gold pieces
 44190 | Vaults:2 | XOM: polymorph ogre mage -> cyclops
 44196 | Vaults:2 | Gained mutation: You are mostly covered in sharp spines.
                  | [demonic ancestry]
 44196 | Vaults:2 | Reached XP level 20. HP: 186/186 MP: 33/36
 44204 | Vaults:2 | XOM: summons friendly iron imp
 44208 | Vaults:2 | XOM: cleaving
 44233 | Vaults:2 | Paralysed by an ogre mage for 7 turns
 44234 | Vaults:2 | XOM: cleaving
 44245 | Vaults:2 | XOM: cast spell 'Summon Horrible Things'
 44250 | Vaults:2 | XOM: confuse monster(s)
 44664 | Vaults:3 | XOM: chaos upgrade
 44759 | Vaults:3 | Paralysed by a sphinx for 2 turns
 44800 | Vaults:3 | XOM: scenery: 2 doors close
 44810 | Vaults:3 | XOM: divination: detect items
 44845 | Vaults:3 | Reached skill level 1 in Earth Magic
 44878 | Vaults:3 | XOM: summons friendly crimson imp
 44895 | Vaults:3 | Noticed Bai Suzhen
 44895 | Vaults:3 | XOM: cleaving
 44908 | Vaults:3 | XOM: potion effect (stabbing)
 44910 | Vaults:3 | XOM: cast spell 'Disjunction'
 44922 | Vaults:3 | Reached skill level 5 in Earth Magic
 44929 | Vaults:3 | Killed Bai Suzhen
 45017 | Vaults:3 | XOM: enchant monster (good)
 45278 | Vaults:3 | XOM: 2-stop teleportation journey
 45546 | Vaults:3 | XOM: cast spell 'Monstrous Menagerie'
 45869 | Vaults:4 | XOM: god gift: ring of attention {god gift}
 45873 | Vaults:4 | XOM: summons friendly iron imp
 45876 | Vaults:4 | XOM: summons friendly white imp
 46017 | Vaults:4 | XOM: enchant monster (good)
 46020 | Vaults:4 | XOM: confuse monster(s)
 46114 | Vaults:4 | XOM: divination: detect creatures
 46120 | Vaults:4 | XOM: enchant monster (good)
 46130 | Vaults:4 | Paralysed by a sphinx for 5 turns
 46133 | Vaults:4 | Mangled by a stone giant

Illustrated notes

Levels and vault maps discovered:
D:1:      ncdulo_smallfort, layout_basic, feat_on_display
D:2:      layout_basic, bloody_makhleb, nicolae_qazlal_general_emergency,
          uniq_sigmund
D:3:      layout_basic, minivault_23, okawaru_trees_2, uniq_ijyb
D:4:      layout_loops_ring, nicolae_tso_besieged_by_evil, grunt_tough_drop
D:5:      layout_rooms, marbit_many_paths, uniq_menkaure
D:6:      layout_rooms, gammafunk_ghost_cemetery, serial_shops, shop,
          minivault_26
D:7:      layout_gridville, zin_statuary, minmay_temple_entry_large_hall,
          uniq_maggie, uniq_prince_ribbit1, uniq_duvessa
D:8:      layout_loops_corners, gammafunk_temple_overflow_arena,
          erik_lair_orcish_takeover, fedhas_altar_2
D:9:      layout_loops_corners, david_defended_altar_orc, uniq_maurice
D:10:     layout_loops_corners, serial_undead, serial_undead_c, serial_undead_e,
          serial_undead_d, serial_undead_d, minivault_16, lemuel_centaur_altar
D:11:     layout_basic
D:12:     layout_long_grid, orc_0_dummy
D:13:     layout_long_grid, corexii_leaking_fountain, uniq_jorgrun,
          uniq_erolcha, uniq_frances, uniq_rupert, uniq_snorg, uniq_sonja
D:14:     layout_roguey, david_vaults_5, chequers_arboretum, uniq_kirke
D:15:     gammafunk_enter_depths_forms, layout_cave_pods, minmay_misc_feat_rows,
          minmay_guarded_unrand_prune
Temple:   eino_temple_rhombus
Lair:1:   layout_concentric_octagons, nicolae_volcano_entry_batcave
Lair:2:   layout_chaotic_city, minmay_swamp_entry_reptiles, dummy_snake_entry,
          nzn_random_ring
Lair:3:   layout_chaotic_city, basic_altar
Lair:4:   layout_loops_ring, nicolae_lair_yak_garden
Lair:5:   layout_layer_cave, basic_altar
Lair:6:   cheibrodos_lair_end_hotspot, layout_hall_layers,
          dpeg_slime_entry_enclosed_altar, serial_bayou_pond_d
Swamp:1:  layout_basic_swamp, serial_swamp_ruin, evilmike_swamp_ruin_rubble_1,
          evilmike_swamp_ruin_house_5, evilmike_swamp_ruin_house_3,
          infiniplex_staircase_pool
Swamp:2:  layout_basic_swamp, nicolae_swamp_round_clearing,
          nicolae_swamp_baby_hydras, infiniplex_staircase_pool_2
Swamp:3:  layout_basic_swamp, nicolae_swamp_orc_logging_accident, swamp_pool3
Swamp:4:  swamp_old_school, layout_basic_swamp, gammafunk_ghost_necromancy
Snake:1:  layout_misc_corridors, ebering_ghost_inner_flame, basic_altar,
          st_stairs_5, serial_bayou_lake_a, grunt_megastairs_1
Snake:2:  layout_honeycomb, serial_bayou_shore_a, uniq_nikola, uniq_aizul
Snake:3:  layout_onion, st_stairs_4, grunt_megastairs_4, uniq_vashnia
Snake:4:  snake_pit, layout_misc_corridors, minmay_shoptagon, lemuel_fruit_tree,
          uniq_roxanne
Orc:1:    cheibrodos_orc_arena, layout_caves, basic_altar,
          nicolae_orc_bridge_out
Orc:2:    st_orc_open, layout_diamond_mine, basic_altar, nicolae_alphabet_shops,
          uniq_nessos
Vaults:1: v_alt_pattern_2, v_misc_24, vaults_room_fours,
          nicolae_vaults_halls_meeting, hangedman_vaults_restitches,
          nicolae_vaults_angled_halls, nicolae_vaults_alarming,
          dpeg_vaults_monster_box, layout_vaults_omnigrid
Vaults:2: v_misc_22, nicolae_vaults_windows_and_doors_thing,
          minmay_crypt_entry_simple_statues, nicolae_vaults_ring_of_whatevers,
          vaults_dpeg_ring, hangedman_vaults_stream, hangedman_vaults_slice,
          v_misc_27, vaults_dpeg_diagonal, nicolae_vaults_border_crossing,
          grunt_vaults_hallway_short, layout_vaults_omnicross, uniq_sojobo,
          uniq_frederick
Vaults:3: nicolae_vaults_big_ls, hangedman_vaults_trim, nicolae_vaults_theta,
          ontoclasm_vaults_claustrophobia, hangedman_vaults_stagger,
          nicolae_vaults_little_squares_1, nicolae_vaults_angled_halls,
          v_misc_2, nicolae_vaults_mini_display_case, v_misc_27,
          nicolae_vaults_an_arrangement, vaults_dpeg_spiral, v_misc_17,
          layout_vaults_maze, uniq_bai_suzhen
Vaults:4: nicolae_vaults_little_squares_2, nicolae_vaults_fighting_squares,
          v_pattern_3, vaults_room_octagon, nicolae_vaults_twisting_passages,
          v_misc_31, v_misc_11, v_rooms_2, nicolae_vaults_sealed_display,
          vaults_room_semicircle, vaults_room_stairs_pillars,
          ontoclasm_vaults_tryst, nicolae_vaults_ring_of_whatevers,
          layout_vaults_ring

Skill      XL: |  1  2  3  4  5  6  7  8  9 10 11 12 13 14 15 16 17 18 19 20 |
---------------+-------------------------------------------------------------+-----
Dodging        | 1 2 3 4 5 6 7 8 9 10 | 10.3
Unarmed Combat | 3 4 5 6 7 8 9 10 11 12 13 | 13.1
Armour         | 2 3 4 5 6 7 8 9 10 | 10.3
Fighting       | 4 5 6 7 8 9 10 11 12 13 14 | 14.0
Throwing       | 1 2 3 4 5 6 7 8 9 10 | 10.1
Spellcasting   | 1 2 3 4 5 6 7 8 9 10 12 14 | 14.0
Evocations     | 1 2 4 5 6 7 8 9 10 11 | 11.0
Transmutations | 1 3 4 5 6 7 8 12 14 | 14.0
Shields        | 1 2 4 5 6 7 8 9 |  9.0
Hexes          | 3 5 6 |  6.0
Earth Magic    | 9 |  9.1

Action                   |  1- 3 |  4- 6 |  7- 9 | 10-12 | 13-15 | 16-18 | 19-21 || total
-------------------------+-------+-------+-------+-------+-------+-------+-------++-------
Melee: Unarmed           |   120 |   177 |   304 |   673 |  1403 |  1745 |   773 ||  5195
       Punch             |       |     2 |     6 |    17 |       |     6 |    23 ||    54
       Kick              |       |       |    33 |   257 |   575 |   764 |   353 ||  1982
       Bite              |       |       |       |    10 |   213 |   298 |   128 ||   649
       Headbutt          |       |       |       |       |     4 |       |       ||     4
 Fire: Hunting sling     |    26 |    15 |       |       |     1 |       |       ||    42
       Hand crossbow     |       |       |       |       |    20 |       |       ||    20
Throw: Stone             |     3 |       |       |       |       |       |       ||     3
       Dart              |    11 |    29 |    39 |    28 |     2 |       |       ||   109
       Boomerang         |       |       |       |     9 |     3 |   130 |     7 ||   149
       Javelin           |       |       |       |       |       |     3 |       ||     3
 Cast: Wereblood         |       |       |       |     3 |    17 |    42 |    35 ||    97
       Beastly Appendage |       |       |       |       |     3 |       |       ||     3
       Confusing Touch   |       |       |       |       |       |     5 |     1 ||     6
       Blade Hands       |       |       |       |       |       |     5 |    24 ||    29
Evoke: Wand              |       |       |    12 |    12 |    48 |    26 |       ||    98
       Condenser vane    |       |       |       |       |       |     6 |     2 ||     8
       Box of beasts     |       |       |       |       |       |     4 |     4 ||     8
       Tin of tremorston |       |       |       |       |       |     2 |     3 ||     5
  Use: Scroll            |     5 |     1 |     5 |    17 |    23 |    13 |     1 ||    65
       Potion            |     2 |       |     1 |       |     4 |     1 |     2 ||    10
 Stab: Confused          |       |     6 |       |     4 |     5 |    12 |     7 ||    34
       Sleeping          |       |       |       |     2 |     1 |     1 |       ||     4
       Invisible         |       |       |       |     8 |       |       |       ||     8
       Petrified         |       |       |       |     5 |     5 |     1 |       ||    11
       Petrifying        |       |       |       |     1 |     1 |       |       ||     2
       Distracted        |       |       |       |       |     3 |     2 |     3 ||     8
       Paralysed         |       |       |       |       |    18 |     2 |     3 ||    23
       Fleeing           |       |       |       |       |     1 |       |       ||     1
Armor: Leather armour    |    31 |    40 |   101 |       |       |       |       ||   172
       Ring mail         |       |       |     1 |   195 |   390 |   369 |   176 ||  1131
Dodge: Dodged            |    66 |   116 |   194 |   390 |   726 |   969 |   583 ||  3044
       Repelled          |       |       |       |       |    11 |    61 |    13 ||    85
Block: Tower shield      |       |       |       |   117 |  1237 |  1408 |   441 ||  3203

Table legend: (Time is in decaauts)
 A = Elapsed time spent in this place.
 B = Non-inter-level travel time spent in this place.
 C = Inter-level travel time spent in this place.
 D = Time resting spent in this place.
 E = Time spent auto-exploring this place.
 F = Levels seen in this place.
 G = Mean time per level.
                   A        B        C        D        E       F      G
               +--------+--------+--------+--------+--------+-----+--------+
         Total |  46050 |  43654 |   2396 |   5995 |  16254 |  39 | 1180.8 |
       Dungeon |  19559 |  18299 |   1260 |   2459 |   9087 |  15 | 1303.9 |
        Temple |    458 |    458 |      0 |    410 |      0 |   1 |  458.0 |
          Lair |   9101 |   8613 |    488 |   2105 |   3451 |   6 | 1516.8 |
         Swamp |   4302 |   4095 |    207 |     81 |   1029 |   4 | 1075.5 |
     Snake Pit |   5093 |   4899 |    194 |    303 |    947 |   4 | 1273.2 |
  Orcish Mines |   1704 |   1599 |    105 |     54 |    209 |   2 |  852.0 |
        Vaults |   4496 |   4356 |    140 |    137 |   1481 |   4 | 1124.0 |
         Abyss |    543 |    543 |      0 |      0 |     49 |   2 |  271.5 |
       Volcano |    791 |    791 |      0 |    446 |      0 |   1 |  791.0 |
               +--------+--------+--------+--------+--------+-----+--------+

Top non-repeatable levels by time:
     D:7: 1833 daAuts
  Lair:5: 1758 daAuts
  Lair:6: 1756 daAuts
    D:10: 1720 daAuts
  Lair:2: 1692 daAuts
 Snake:4: 1598 daAuts
  Lair:1: 1596 daAuts
Vaults:2: 1580 daAuts
 Swamp:4: 1550 daAuts
    D:11: 1545 daAuts
    D:15: 1494 daAuts
     D:9: 1433 daAuts
     D:1: 1406 daAuts
Vaults:1: 1394 daAuts
     D:3: 1340 daAuts
